 Dungeon Crawl Stone Soup version 0.30-a0-953-g5f1da4a474 (webtiles) character file.

Game seed: 8551392902193231810

14 jasper the Chopper (level 2, 25/25 HPs)
             Began as a Ghoul Gladiator on Mar 28, 2023.
             Quit the game on level 2 of the Dungeon.
             The game lasted 00:01:37 (1029 turns).

jasper the Chopper (Ghoul Gladiator)                Turns: 1029, Time: 00:01:38

Health: 25/25      AC:  4    Str: 17    XL:     2   Next: 45%
Magic:  1/1        EV: 12    Int:  3    God:
Gold:   51         SH:  0    Dex: 10    Spells: 1/1 levels left

rFire   . . .      SeeInvis .    a - +0 war axe
rCold   + . .      Faith    .    (no shield)
rNeg    + + +      Spirit   .    b - +0 leather armour
rPois   ∞          Reflect  .    c - +0 helmet
rElec   .          Rampage  .    (no cloak)
rCorr   .                        (no gloves)
Will    .....                    (no boots)
Stlth   +                        (no amulet)
HPRegen 0.24/turn                (no ring)
MPRegen 0.07/turn                (no ring)

@: no status effects
A: claws 1, cold resistance 1, negative energy resistance 3, inhibited
regeneration, torment resistance 2, devour on kill
a: no special abilities


You were on level 2 of the Dungeon.
You visited 1 branch of the dungeon, and saw 2 of its levels.

You collected 51 gold pieces.

Inventory:

Hand Weapons
 a - a +0 war axe (weapon)
Missiles
 d - 3 throwing nets (quivered)
 e - a javelin
 f - 6 poisoned darts
Armour
 b - a +0 leather armour (worn)
 c - a +0 helmet (worn)
Wands
 j - a wand of digging (4)
Scrolls
 h - a scroll of identify
Potions
 i - a potion of curing
 l - a potion of heal wounds


   Skills:
 + Level 2.4 Fighting
 * Level 3.0 Axes
 - Level 1.7 Throwing
 + Level 0.5 Armour
 + Level 2.8 Dodging


You had one spell level left.
You didn't know any spells.
Your spell library contained the following spells:

 Spells                   Type           Power      Damage    Failure   Level
 Portal Projectile        Hex/Tloc       0%         N/A       91%         3
 Tukima's Dance           Hex            0%         N/A       91%         3
 Blade Hands              Tmut           Unusable   N/A       N/A         5

Dungeon Overview and Level Annotations

Branches:
Dungeon (2/15)

Altars:


Innate Abilities, Weirdness & Mutations

You are immune to poison.
You have sharp fingernails.
Your flesh is cold resistant. (rC+)
You are immune to negative energy. (rN+++)
You do not regenerate when monsters are visible.
You are immune to unholy pain and torment.
You thrive by killing the living.


Message History

Done exploring.
Done exploring.
As you read the scroll labelled WOUROV DYAMENT, it crumbles to dust.
You hear a loud clanging noise!
It was a scroll of noise.
As you read the scroll labelled QIKHLA CIDIE, it crumbles to dust.
It is a scroll of identify.
i - a potion of curing
As you read the scroll of identify, it crumbles to dust.
l - a potion of heal wounds
As you read the scroll labelled JAHEUZIUNK, it crumbles to dust.
The scroll dissolves into smoke.
It was a scroll of fog.
You start waiting.
Done waiting.
There is an open door, spattered with blood here.
You see here a +0 club.
There is a stone staircase leading down here.
You climb downwards.
There is a stone staircase leading up here.
A kobold comes into view. It is wielding a +0 dagger.
A kobold is nearby!
The kobold throws a stone.
The stone hits you but does no damage.
The kobold throws a stone.
The stone hits you but does no damage.
The kobold throws a stone.
The stone closely misses you. The kobold hits you but does no damage.
The kobold misses you.
You hit the kobold.
The kobold is severely wounded.
The kobold closely misses you.
You hit the kobold.
You kill the kobold!
A bat comes into view.
You can't go up here!
You swing at nothing.
The bat closely misses you.
You hit the bat.
You kill the bat!
You swing at nothing.
You swing at nothing.
You see here a bat corpse.
Are you sure you want to abandon this character and quit the game? (Confirm with "yes".)

.######## ........#
#########.#
#...#.....#
#<..#.##..#
#.##.##@.#..#
#......#.#..#######
####.#.#.#..)......
#......#.######.#
#..#.###.# ####..
... ...##.# ##.#...
.####


There were no monsters in sight!

Vanquished Creatures
  A dart slug (D:1)
  An endoplasm (D:1)
  A goblin (D:1)
  2 hobgoblins (D:1)
  2 bats
  A frilled lizard (D:1)
  2 kobolds
  2 rats (D:1)
12 creatures vanquished.

Notes
Turn   | Place    | Note
-------+----------+-------------------------------------------
     0 | D:1      | jasper the Ghoul Gladiator began the quest for the Orb.
     0 | D:1      | Reached XP level 1. HP: 17/17 MP: 0/0
   273 | D:1      | Found a faded altar of an unknown god.
   380 | D:1      | Reached XP level 2. HP: 25/25 MP: 1/1
   470 | D:1      | Reached skill level 3 in Axes
  1029 | D:2      | Quit the game

Illustrated notes

Levels and vault maps discovered:
D:1:      matt_arrival_diagonals, layout_loops_corners,
          chequers_ecumenical_altar_twisty, supply_closet_lemuel,
          dk_noncrumbling_4
D:2:      layout_basic, basic_altar

Skill      XL: |  1  2 |
---------------+-------+-----
Axes           | 3 |  3.0
Fighting       | |  2.4
Throwing       | |  1.7
Armour         | |  0.5
Dodging        | |  2.8

Action                     || total
---------------------------++-------
  Melee: War axe           ||    31
         Punch             ||     1
    Use: Scroll            ||     4
   Stab: Sleeping          ||     1
 Armour: Leather armour    ||    14
  Dodge: Dodged            ||    29

Table legend: (Time is in decaauts)
 A = Elapsed time spent in this place.
 B = Non-inter-level travel time spent in this place.
 C = Inter-level travel time spent in this place.
 D = Time resting spent in this place.
 E = Time spent auto-exploring this place.
 F = Levels seen in this place.
 G = Mean time per level.
                   A        B        C        D        E       F      G
               +--------+--------+--------+--------+--------+-----+--------+
         Total |   1042 |   1009 |     33 |    100 |    780 |   2 |  521.0 |
       Dungeon |   1042 |   1009 |     33 |    100 |    780 |   2 |  521.0 |
               +--------+--------+--------+--------+--------+-----+--------+

Top non-repeatable levels by time:
     D:1: 1011 daAuts
     D:2: 31 daAuts
